BSA
ST CHARLES SHEENS @ IRVINE GANG GREEN
08/06/2029
 
TOP OF THE 1ST
St Charles Sheens batting - Pitching for Irvine Gang Green : RHP Mike Marrero
Pitching: RHP Mike Marrero
Batting: RHB Max Rash 0-0: Ground out U3 (Groundball, 34)
Batting: RHB Miguel Palácios 0-0: SINGLE (Groundball, 6MD)
Batting: RHB Shawn Gutiérrez 0-0: Ball
1-0: Fly out, F8 (Flyball, 8LM)
Batting: LHB Benny Richard 0-0: Ball
1-0: Fly out, F8 (Flyball, 8RD)
Top of the 1st over - 0 runs, 1 hit, 0 errors, 1 left on base; St Charles 0 - Irvine 0
BOTTOM OF THE 1ST
Irvine Gang Green batting - Pitching for St Charles Sheens : RHP Bill Chase
Pitching: RHP Bill Chase
Batting: LHB Leonardo Medina 0-0: Ball
1-0: Ball
2-0: Fly out, F8 (Line Drive, 89D)
Batting: LHB Tony Tavárez 0-0: Called Strike
0-1: Swinging Strike
0-2: Ball
1-2: Fly out, F7 (Flyball, 7)
Batting: RHB Buck Jones 0-0: Ball
1-0: Ball
2-0: Called Strike
2-1: Ground out 1-3 (Groundball, 15)
Bottom of the 1st over - 0 runs, 0 hits, 0 errors, 0 left on base; St Charles 0 - Irvine 0
TOP OF THE 2ND
St Charles Sheens batting - Pitching for Irvine Gang Green : RHP Mike Marrero
Batting: RHB Dan Tyler 0-0: Called Strike
0-1: SINGLE (Flyball, 7S)
Batting: SHB Henry Copeland 0-0: Called Strike
0-1: Swinging Strike
0-2: Ball
1-2: Strikes out swinging
Batting: RHB Víctor Arredondo 0-0: Foul Ball, location: 2F
0-1: Called Strike
0-2: Ball
1-2: Foul Ball, location: 2F
1-2: Strikes out swinging
Batting: LHB Kyle Harrison 0-0: Called Strike
0-1: DOUBLE (Line Drive, 8LXD)
Dan Tyler to third
Runner from 3rd tries for Home, SAFE, no throw
Batting: LHB Nick Gamble 0-0: Ball
1-0: Swinging Strike
1-1: Foul Ball, location: 2F
1-2: Foul Ball, location: 2F
1-2: Foul Ball, location: 2F
1-2: Fly out, F8 (Flyball, 8LD)
Top of the 2nd over - 1 run, 2 hits, 0 errors, 1 left on base; St Charles 1 - Irvine 0
BOTTOM OF THE 2ND
Irvine Gang Green batting - Pitching for St Charles Sheens : RHP Bill Chase
Batting: LHB Víctor Quiñones 0-0: Ball
1-0: Ball
2-0: Foul Ball, location: 2F
2-1: Foul Ball, location: 2F
2-2: Ground out 4-3 (Groundball, 4)
Batting: RHB Tyler Wagner 0-0: Foul Ball, location: 2F
0-1: Ball
1-1: Fly out, F4 (Line Drive, 4M)
Batting: RHB José Salazar 0-0: Foul Ball, location: 2F
0-1: Ball
1-1: Foul Ball, location: 2F
1-2: Ball
2-2: Foul Ball, location: 2F
2-2: Ball
3-2: Foul Ball, location: 2F
3-2: SINGLE (Line Drive, 8LS)
Batting: LHB Dave Gordon 0-0: Swinging Strike
0-1: Ball
1-1: Ball
2-1: Foul Ball, location: 2F
2-2: Foul Ball, location: 2F
2-2: Ball
3-2: Base on Balls
José Salazar to second
Batting: LHB José Sánchez 0-0: DOUBLE (Flyball, 78XD)
José Salazar scores
Dave Gordon to third
Runner from 3rd tries for Home, SAFE, no throw
Batting: SHB Carlos Córdova 0-0: Called Strike
0-1: Swinging Strike
0-2: Ball
1-2: Hit by Pitch
Batting: LHB Leonardo Medina 0-0: Ball
1-0: Called Strike
1-1: Fly out, F4 (Line Drive, 4)
Bottom of the 2nd over - 2 runs, 2 hits, 0 errors, 2 left on base; St Charles 1 - Irvine 2
TOP OF THE 3RD
St Charles Sheens batting - Pitching for Irvine Gang Green : RHP Mike Marrero
Batting: RHB Max Rash 0-0: Ball
1-0: Ball
2-0: Ball
3-0: Base on Balls
Batting: RHB Miguel Palácios 0-0: Ground out 5-3 (Groundball, 56S)
Max Rash to second
Batting: RHB Shawn Gutiérrez 0-0: Ball
1-0: Fly out, F5 (Popup, 56)
Batting: LHB Benny Richard 0-0: Called Strike
0-1: Ball
1-1: Foul Ball, location: 2F
1-2: Ball
2-2: SINGLE (Groundball, 25) (infield hit)
Max Rash to third
Batting: RHB Dan Tyler 0-0: Fielders Choice at 2nd, 6-4 (Groundball, 6)
Top of the 3rd over - 0 runs, 1 hit, 0 errors, 2 left on base; St Charles 1 - Irvine 2
BOTTOM OF THE 3RD
Irvine Gang Green batting - Pitching for St Charles Sheens : RHP Bill Chase
Batting: LHB Tony Tavárez 0-0: Ball
1-0: Swinging Strike
1-1: Called Strike
1-2: Ball
2-2: Ground out 6-3 (Groundball, 6S)
Batting: RHB Buck Jones 0-0: Ball
1-0: Swinging Strike
1-1: Ball
2-1: Swinging Strike
2-2: Foul Ball, location: 2F
2-2: Ball
3-2: Base on Balls
Batting: LHB Víctor Quiñones 0-0: Called Strike
0-1: SINGLE (Groundball, 34D)
Buck Jones to second
Runner from 2nd tries for 3rd, SAFE, no throw
Batting: RHB Tyler Wagner 0-0: Called Strike
0-1: Ball
1-1: Ball
2-1: Fly out, F7 (Flyball, 7S)
Batting: RHB José Salazar 0-0: Ball
1-0: Ball
2-0: Foul Ball, location: 2F
2-1: DOUBLE (Line Drive, 7LM)
Buck Jones scores
Víctor Quiñones to third
Batting: LHB Dave Gordon 0-0: Fly out, F9 (Flyball, 9LS)
Bottom of the 3rd over - 1 run, 2 hits, 0 errors, 2 left on base; St Charles 1 - Irvine 3
TOP OF THE 4TH
St Charles Sheens batting - Pitching for Irvine Gang Green : RHP Mike Marrero
Batting: SHB Henry Copeland 0-0: Ball
1-0: Foul Ball, location: 2F
1-1: Fly out, F7 (Flyball, 7D)
Batting: RHB Víctor Arredondo 0-0: Ball
1-0: Ball
2-0: Called Strike
2-1: DOUBLE (Line Drive, 9LM)
Batting: LHB Kyle Harrison 0-0: Fly out, F8 (Line Drive, 89D)
Runner from 2nd tags up, SAFE at 3rd, no throw
Batting: LHB Nick Gamble 0-0: Ball
1-0: Ball
2-0: Ground out 6-3 (Groundball, 6)
Top of the 4th over - 0 runs, 1 hit, 0 errors, 1 left on base; St Charles 1 - Irvine 3
BOTTOM OF THE 4TH
Irvine Gang Green batting - Pitching for St Charles Sheens : RHP Bill Chase
Batting: LHB José Sánchez 0-0: Ground out 4-3 (Groundball, 4D)
Batting: SHB Carlos Córdova 0-0: Called Strike
0-1: Foul Ball, location: 2F
0-2: Foul Ball, location: 2F
0-2: Ball
1-2: Strikes out swinging
Batting: LHB Leonardo Medina 0-0: Called Strike
0-1: Foul Ball, location: 2F
0-2: Ground out 4-3 (Groundball, 4D)
Bottom of the 4th over - 0 runs, 0 hits, 0 errors, 0 left on base; St Charles 1 - Irvine 3
TOP OF THE 5TH
St Charles Sheens batting - Pitching for Irvine Gang Green : RHP Mike Marrero
Batting: RHB Max Rash 0-0: Bunt missed!
0-1: Ball
1-1: Ball
2-1: Called Strike
2-2: Ball
3-2: Foul Ball, location: 2F
3-2: Foul Ball, location: 2F
3-2: Ground out 1-3 (Groundball, 15S)
Batting: RHB Miguel Palácios 0-0: Called Strike
0-1: SINGLE (Groundball, 34S) (infield hit)
Batting: RHB Shawn Gutiérrez 0-0: Fly out, F1 (Popup, P)
Batting: LHB Benny Richard 0-0: Called Strike
0-1: Ball
1-1: Ball
2-1: Called Strike
2-2: Ground out 4-3 (Groundball, 34D)
Top of the 5th over - 0 runs, 1 hit, 0 errors, 1 left on base; St Charles 1 - Irvine 3
BOTTOM OF THE 5TH
Irvine Gang Green batting - Pitching for St Charles Sheens : RHP Bill Chase
Batting: LHB Tony Tavárez 0-0: SINGLE (Groundball, 13S) (infield hit)
Batting: RHB Buck Jones 0-0: Called Strike
0-1: Foul Ball, location: 2F
0-2: Fly out, F3 (Popup, 34S)
Batting: LHB Víctor Quiñones 0-0: Foul Ball, location: 2F
0-1: Called Strike
0-2: Foul Ball, location: 2F
0-2: Ball
1-2: Ball
2-2: Foul Ball, location: 2F
2-2: 2-RUN HOME RUN (Flyball, 7LD), Distance : 412 ft
Batting: RHB Tyler Wagner 0-0: Foul Ball, location: 2F
0-1: Ball
1-1: Called Strike
1-2: Ball
2-2: Ball
3-2: Foul Ball, location: 2F
3-2: Foul Ball, location: 2F
3-2: Base on Balls
Batting: RHB José Salazar 0-0: Called Strike
0-1: Called Strike
0-2: Foul Ball, location: 2F
0-2: Foul Ball, location: 2F
0-2: Ball
1-2: Ball
2-2: Foul Ball, location: 2F
2-2: Ball
3-2: Fly out, F7 (Flyball, 7)
Batting: LHB Dave Gordon 0-0: Ball
1-0: Reached on error, E4 (Groundball, 34D)
Tyler Wagner to second
Batting: LHB José Sánchez 0-0: Ball
1-0: Ball
2-0: Ball
3-0: Base on Balls
Tyler Wagner to third
Dave Gordon to second
Pitching: LHP Luis Valentín
Batting: SHB Carlos Córdova 0-0: Ball
1-0: Ball
2-0: Ball
3-0: Base on Balls
Tyler Wagner scores
Dave Gordon to third
José Sánchez to second
Batting: LHB Leonardo Medina 0-0: Foul Ball, location: 2F
0-1: SINGLE (Groundball, 4MD)
Dave Gordon scores
José Sánchez to third
Carlos Córdova to second
Runner from 3rd tries for Home, SAFE, no throw
Batting: LHB Tony Tavárez 0-0: Called Strike
0-1: Ball
1-1: Called Strike
1-2: Ball
2-2: Foul Ball, location: 2F
2-2: Fly out, F2 (Popup, 3SF)
Bottom of the 5th over - 5 runs, 3 hits, 1 error, 2 left on base; St Charles 1 - Irvine 8
TOP OF THE 6TH
St Charles Sheens batting - Pitching for Irvine Gang Green : RHP Mike Marrero
Batting: RHB Dan Tyler 0-0: Ball
1-0: Ground out 5-3 (Groundball, 56D)
Batting: SHB Henry Copeland 0-0: Ball
1-0: Ball
2-0: Swinging Strike
2-1: Ball
3-1: Foul Ball, location: 2F
3-2: Strikes out looking
Batting: RHB Víctor Arredondo 0-0: Ground out 6-3 (Groundball, 6M)
Top of the 6th over - 0 runs, 0 hits, 0 errors, 0 left on base; St Charles 1 - Irvine 8
BOTTOM OF THE 6TH
Irvine Gang Green batting - Pitching for St Charles Sheens : LHP Luis Valentín
Batting: RHB Buck Jones 0-0: Foul Ball, location: 2F
0-1: Ground out 4-3 (Groundball, 34)
Batting: LHB Víctor Quiñones 0-0: Ball
1-0: Foul Ball, location: 2F
1-1: SINGLE (Flyball, 7S)
Batting: RHB Tyler Wagner 0-0: Ball
1-0: Foul Ball, location: 2F
1-1: Called Strike
1-2: Fielders Choice at 2nd, 5-4 (Groundball, 56)
Batting: RHB José Salazar 0-0: Called Strike
0-1: Ball
1-1: Called Strike
1-2: Ball
2-2: Ball
3-2: Ground out 6-3 (Groundball, 6)
Bottom of the 6th over - 0 runs, 1 hit, 0 errors, 1 left on base; St Charles 1 - Irvine 8
TOP OF THE 7TH
St Charles Sheens batting - Pitching for Irvine Gang Green : RHP Mike Marrero
Batting: LHB Kyle Harrison 0-0: Ball
1-0: Foul Ball, location: 2F
1-1: Foul Ball, location: 2F
1-2: Ball
2-2: Ball
3-2: Base on Balls
Batting: LHB Nick Gamble 0-0: Swinging Strike
0-1: Foul Ball, location: 2F
0-2: Foul Ball, location: 2F
0-2: Foul Ball, location: 2F
0-2: Strikes out swinging
Batting: RHB Max Rash 0-0: Called Strike
0-1: Ball
1-1: Foul Ball, location: 2F
1-2: Fly out, F4 (Popup, 34)
Batting: RHB Miguel Palácios 0-0: Called Strike
0-1: Fly out, F9 (Flyball, 9)
Top of the 7th over - 0 runs, 0 hits, 0 errors, 1 left on base; St Charles 1 - Irvine 8
BOTTOM OF THE 7TH
Irvine Gang Green batting - Pitching for St Charles Sheens : LHP Luis Valentín
Batting: LHB Dave Gordon 0-0: Ball
1-0: Foul Ball, location: 2F
1-1: Called Strike
1-2: Fly out, F8 (Flyball, 8LM)
Batting: LHB José Sánchez 0-0: Ball
1-0: Called Strike
1-1: Called Strike
1-2: Ball
2-2: Reached on error, E6 (Groundball, 6)
Batting: SHB Carlos Córdova 0-0: Ball
1-0: Foul Ball, location: 2F
1-1: Called Strike
1-2: Ball
2-2: Strikes out swinging
Batting: LHB Leonardo Medina 0-0: Called Strike
0-1: Ground out U3 (Groundball, 3)
Bottom of the 7th over - 0 runs, 0 hits, 1 error, 1 left on base; St Charles 1 - Irvine 8
TOP OF THE 8TH
St Charles Sheens batting - Pitching for Irvine Gang Green : RHP Mike Marrero
Batting: RHB Shawn Gutiérrez 0-0: Ball
1-0: Swinging Strike
1-1: Ball
2-1: Foul Ball, location: 2F
2-2: Ball
3-2: Foul Ball, location: 2F
3-2: Base on Balls
Batting: LHB Benny Richard 0-0: Called Strike
0-1: Foul Ball, location: 2F
0-2: Strikes out swinging
Batting: RHB Dan Tyler 0-0: Swinging Strike
0-1: Called Strike
0-2: Ball
1-2: Grounds into double play, 6-4-3 (Groundball, 6)
Top of the 8th over - 0 runs, 0 hits, 0 errors, 0 left on base; St Charles 1 - Irvine 8
BOTTOM OF THE 8TH
Irvine Gang Green batting - Pitching for St Charles Sheens : LHP Luis Valentín
Batting: LHB Tony Tavárez 0-0: Ball
1-0: Fly out, F1 (Line Drive, 13S)
Batting: RHB Buck Jones 0-0: Ball
1-0: Ball
2-0: Swinging Strike
2-1: Swinging Strike
2-2: Ball
3-2: Base on Balls
Batting: LHB Víctor Quiñones 0-0: Called Strike
0-1: SINGLE (Flyball, 9LS)
Buck Jones to second
Runner from 2nd tries for 3rd, SAFE, no throw
Batting: RHB Tyler Wagner 0-0: Fly out, F9 (Line Drive, 9)
Runner from 3rd tags up, SCORES, throw made
Batting: RHB José Salazar 0-0: Ball
1-0: SINGLE (Groundball, 56D)
Víctor Quiñones to second
Batting: LHB Dave Gordon 0-0: Ball
1-0: Foul Ball, location: 2F
1-1: Swinging Strike
1-2: Fielders Choice at 2nd, 6-4 (Groundball, 6)
Bottom of the 8th over - 1 run, 2 hits, 0 errors, 2 left on base; St Charles 1 - Irvine 9
TOP OF THE 9TH
St Charles Sheens batting - Pitching for Irvine Gang Green : RHP Mike Marrero
Batting: SHB Henry Copeland 0-0: Ball
1-0: Ball
2-0: DOUBLE (Line Drive, 89M)
Batting: RHB Víctor Arredondo 0-0: Ball
1-0: Ball
2-0: Called Strike
2-1: Swinging Strike
2-2: Foul Ball, location: 2F
2-2: Foul Ball, location: 2F
2-2: Strikes out looking
Pitching: RHP Joe Wilson
Batting: LHB Kyle Harrison 0-0: Foul Ball, location: 2F
0-1: Ball
1-1: Ball
2-1: Ground out 5-3 (Groundball, 5)
Batting: LHB Nick Gamble 0-0: Ball
1-0: Called Strike
1-1: Ground out 6-3 (Groundball, 6)
Top of the 9th over - 0 runs, 1 hit, 0 errors, 1 left on base; St Charles 1 - Irvine 9
Saturday, December 16th, 2017 - OOTP Baseball 18.8 Build 76